raven, chaotic female elven Wizard -------------- ---------- |............| ##.......{.| #-..........>..##### # |........| #------------.- # ### -.-------- ## ## #f#@ ## # # ## # # ## ### ### # ---------.------## # # |..........{...|#### ### # |..............|# # # ---------- # |..........<...-# ### ### |........| -----# ---------------- # ##.........| |%%.|# ## # |........+ |)!.|# ----|-### |........| |)%.|# |....|# |........| |[=.+# |....-# |........| ----- ------ ---------- raven the Conjurer Experience level: 3 Strength: 8 Dexterity: 12 Constitution: 12 Intelligence: 20 Wisdom: 8 Charisma: 13 Health: 25(25) Energy: 20(20) Def: 3 Gold: 179 Moves: 1714 Dungeon seed: gWypkUiMHGVkAs0V Game ID: raven_1703555432 Your Inventory: Coins $ - 179 gold pieces Weapons a - a blessed +1 quarterstaff (weapon in hands) j - 6 cursed -1 elven arrows r - an uncursed +0 orcish dagger Armor e - an uncursed +0 cloak of magic resistance (being worn) n - an uncursed +0 pair of gauntlets of fumbling (being worn) q - an uncursed +0 helm of brilliance (being worn) Scrolls k - an uncursed scroll of teleportation o - an uncursed scroll of identify Rings p - an uncursed ring of warning Wands b - an uncursed wand of striking (0:7) Tools h - an uncursed blindfold i - an uncursed wooden flute Gems y - an uncursed worthless piece of orange glass Spells and supernatural/magical abilities: Name Level Category Cost Memory a - force bolt 1 attack 8pw 98% c - cause fear 3 enchantment 25pw 98% m - magic missile 2 attack 16pw 98% p - protection 1 clerical 12pw 98% W - pray for help -- divine ? -- Your skills at the end: Fighting Skills wands [Basic] Weapon Skills quarterstaff [Basic] Spellcasting Skills attack spells [Basic] enchantment spells [Basic] Final Attributes: You were piously aligned. You were immune to sleep. You were magic resistant. You fumbled. You saw invisible. You had infravision. You were lucky. Anhur was noncommittal. You are dead. Vanquished creatures: a kitten an acid blob a green mold a gecko 4 jackals 2 foxes 3 goblins 6 grid bugs 5 lichens a kobold zombie 8 newts 33 creatures vanquished. Voluntary challenges: You were an atheist. You used a wielded weapon 22 times, starting on turn 57. You were illiterate. You never genocided any monsters. You never polymorphed an object. You never changed form. You used no wishes. You never split a pudding. You never wrote Elbereth's name. You never violated your personal moral code. Dungeon overview: The Dungeons of Doom: levels 1 to 3 Level 1 a vault a long staircase Level 2 some fountains Level 3 <- You were here a general store, some fountains stairs to The Gnomish Mines The Gnomish Mines: Level 4 stairs to The Dungeons of Doom History has recorded: On T:1 you entered the Dungeons of Doom to retrieve the Amulet of Yendor! On T:56 you reached level 2 of The Dungeons of Doom. On T:709 you reached level 3 of The Dungeons of Doom. On T:858 you advanced to experience level 2. On T:1041 you reached level 1 of The Gnomish Mines. On T:1264 you advanced to experience level 3. Score breakdown: Gold: 179 ( 7671 points) Experience: 3 levels ( 7878 points) Exploration: 4 levels ( 8.00%) ( 7423 points) Discoveries: 0 items ( 0.00%) ( 0 points) Valuables value: (no points given unless you survive) Artifact value: 0 ( 0 points) Variety of kills: 11 monsters ( 2.89%) ( 5104 points) Turncount: 1714 turns ( 0 points) Survival: died (score multiplied by 80%) Total score: 22460 Latest messages: You come to. [36 turns] Where do you want to travel to? You feel clumsy! You haven't been working on reflexes lately. You stop travelling. You faint from lack of food. You come to. [39 turns] Where do you want to travel to? You stop travelling. You faint from lack of food. The housecat bites the lichen. The lichen is killed! You come to. [43 turns] You faint from lack of food. You come to. [48 turns] You faint from lack of food. The fox is killed! The housecat eats a fox corpse. You die from starvation. Final status: Goodbye raven the Wizard, died of starvation, while fainted from lack of food... You starved in The Dungeons of Doom on dungeon level 3 with 22460 points, and 179 pieces of gold, after 1714 moves. You were level 3 with a maximum of 25 hit points when you starved.